 Dungeon Crawl Stone Soup version 0.28-a0-21-gf74fda84f9 (webtiles) character file.

Game seed: 16195353347761753242

155 robertstho the Magician (level 5, -9/35 HPs)
             Began as a Djinni Fire Elementalist on July 26, 2021.
             Killed from afar by Ijyb (16 damage)
             ... with an iceblast
             ... on level 4 of the Dungeon.
             The game lasted 00:05:12 (3823 turns).

robertstho the Magician (Djinni Fire Elementalist)  Turns: 3823, Time: 00:05:12

Health: -9/35      AC: -2    Str:  7    XL:     5   Next: 63%
Gold:   100        EV: 12    Int: 18    God:
                   SH:  0    Dex: 13

rFire   + + .      SeeInvis .   e - +0 short sword
rCold   x . .      Faith    .   (no shield)
rNeg    . . .      Spirit   .   a - +0 robe
rPois   ∞          Reflect  .   (no helmet)
rElec   .          Harm     .   (no cloak)
rCorr   .          Rampage  .   (no gloves)
Will    .....                   (boots unavailable)
Stlth   ++........              (no amulet)
HPRegen 0.11/turn               i - ring of wizardry
MPRegen 0.00/turn               (no ring)

@: corroded, flying
A: sickness immunity, fire resistance 2, cold vulnerability 1, float, innate
caster, hp casting, extra vitality 1
a: no special abilities


You were on level 4 of the Dungeon.
You visited 1 branch of the dungeon, and saw 4 of its levels.

You collected 100 gold pieces.

Inventory:

Hand Weapons
 e - a +0 short sword (weapon)
Armour
 a - a +0 robe (worn)
Jewellery
 i - a ring of wizardry (left hand)
Wands
 h - a wand of iceblast (3)
Scrolls
 c - a scroll of magic mapping
 j - a scroll of summoning
Potions
 d - 2 potions of haste
 f - a potion of brilliance
 g - a potion of curing {unknown}


   Skills:
 + Level 2.4 Dodging
 + Level 2.1 Stealth
 + Level 4.3 Spellcasting


You couldn't memorise any spells.
You knew the following spells:

 Your Spells              Type           Power      Damage    Failure   Level
a - Foxfire               Conj/Fire      76%        2x1d7     1%          1
b - Conjure Flame         Conj/Fire      19%        6-21      3%          3
c - Inner Flame           Hex/Fire       19%        N/A       3%          3
d - Sticky Flame          Conj/Fire      19%        2d4       10%         4
e - Fireball              Conj/Fire      9%         3d6       26%         5
f - Summon Small Mammal   Summ           76%        N/A       1%          1
g - Ensorcelled Hibernat  Hex/Ice        38%        N/A       1%          2
Your spell library was empty.

Dungeon Overview and Level Annotations

Branches:
Dungeon (4/15)
 Temple: D:4-7

Altars:
Sif Muna
Wu Jian

Shops:
D:2 (

Annotations:
D:4 Ijyb


Innate Abilities, Weirdness & Mutations

You are immune to sickness and miasma.
You are immune to poison.
Your flesh is very heat resistant. (rF++)
You are vulnerable to cold. (rC-)
You float through the air rather than walking.
You learn spells naturally, not from books.
Your magical power is your life essence.
You have superior vitality. (+4 HP)


Message History

You resist with some effort.
You hear a shout!
Casting: Foxfire (safe; 1% risk of failure)
Press: ? - help, Q - select action, (/) - cycle Dir - look around, f - activate You conjure some foxfire!
Ijyb shouts!
The foxfire hits the orc wizard.
The orc wizard is heavily wounded.
The foxfire hits the orc wizard.
The orc wizard is almost dead.
An orc comes into view. It is wielding a +0 flail.
An orc comes into view. It is wielding a +0 club.
Casting: Foxfire (safe; 1% risk of failure)
Press: ? - help, Q - select action, (/) - cycle Dir - look around, f - activate You conjure some foxfire!
The foxfire hits the orc wizard but does no damage.
The orc wizard is almost dead.
The foxfire hits the orc wizard.
You kill the orc wizard!
Casting: Foxfire (safe; 1% risk of failure)
Press: ? - help, Q - select action, (/) - cycle Dir - look around, f - activate You conjure some foxfire!
The foxfire hits the jelly.
The jelly is severely wounded.
The foxfire hits the jelly.
The jelly is severely wounded.
Ijyb zaps a wand.
The mass of ice explodes!
The iceblast engulfs your foxfire! The iceblast engulfs you!
You feel a painful chill! The jelly hits you. The acid corrodes you!
You are splashed with acid.
* * * LOW HITPOINT WARNING * * *
You hear a shout!
Casting: Foxfire (safe; 1% risk of failure)
Press: ? - help, Q - select action, (/) - cycle Dir - look around, f - activate You conjure some foxfire!
* * * LOW HITPOINT WARNING * * *
The foxfire hits the jelly.
You kill the jelly!
Ijyb zaps a wand.
The mass of ice explodes!
The iceblast engulfs your foxfire!! The iceblast engulfs you!
You feel a painful chill!
You die...

..# #g. #.#
#.# # #.# #.
#.#
#.##.§#.###.##
......§@.....#
...##.§v.....#
###..o...#
.)##..... #.#
..... #.o ....
#.. ... #..
...


You could see Ijyb and 2 orcs.

Vanquished Creatures
  A jelly (D:4)
  Terence (D:3)
  An orc wizard (D:4)
  3 adders (D:2)
  2 dart slugs (D:1)
  An orc (D:3)
  7 endoplasms
  2 giant cockroaches
  5 goblins
  3 hobgoblins
  17 jackals
  A quokka (D:2)
  2 ball pythons
  12 bats
  2 frilled lizards
  6 kobolds
  3 rats
69 creatures vanquished.

Vanquished Creatures (collateral kills)
  A foxfire (D:1)
1 creature vanquished.

Vanquished Creatures (others)
  302 foxfires
302 creatures vanquished.

Grand Total: 372 creatures vanquished

Notes
Turn   | Place    | Note
-------+----------+-------------------------------------------
     0 | D:1      | robertstho the Djinni Fire Elementalist began the quest for
                  | the Orb.
     0 | D:1      | Reached XP level 1. HP: 15/15 MP: 0/0
    55 | D:1      | Reached XP level 2. HP: 13/21 MP: 0/0
   723 | D:1      | Reached skill level 3 in Spellcasting
   792 | D:1      | Reached XP level 3. HP: 22/25 MP: 0/0
   792 | D:1      | Learned a level 1 spell: Summon Small Mammal
  1734 | D:2      | Found Downyuw's Antique Weapon Emporium.
  1756 | D:2      | Reached XP level 4. HP: 29/31 MP: 0/0
  2068 | D:2      | Found a faded altar of an unknown god.
  3292 | D:3      | Noticed Terence
  3302 | D:3      | Killed Terence
  3303 | D:3      | Reached skill level 4 in Spellcasting
  3303 | D:3      | Reached XP level 5. HP: 29/35 MP: 0/0
  3303 | D:3      | Learned a level 2 spell: Ensorcelled Hibernation
  3425 | D:3      | Found an ornate altar of the Wu Jian Council.
  3816 | D:4      | Noticed Ijyb
  3823 | D:4      | Killed from afar by Ijyb

Illustrated notes

Levels and vault maps discovered:
D:1:      eino_arrival_water_cross, layout_basic, serial_rivers,
          chequers_serial_rivers_room_a, chequers_serial_rivers_micro_b,
          chequers_serial_rivers_small_a, chequers_serial_rivers_room_a,
          chequers_serial_rivers_micro_e, chequers_serial_rivers_micro_e
D:2:      layout_loops_cross, ebering_ecumenical_altar_petrified, serial_shops,
          nicolae_shop_overgrown_old_shop
D:3:      layout_loops_ring, nicolae_wu_jian_glorious_leap,
          mainiacjoe_overflow_alcove_1, uniq_terence
D:4:      layout_loops_ring, overflow_temple_1_default,
          mainiacjoe_overflow_divided_tiny, kennysheep_small_square,
          uniq_edmund, uniq_ijyb

Skill      XL: |  1  2  3  4 |
---------------+-------------+-----
Spellcasting   | 3 4 |  4.3
Stealth        | 2 |  2.1
Dodging        | |  2.4

Action                   |  1- 3 |  4- 6 || total
-------------------------+-------+-------++-------
Melee: Short sword       |       |     4 ||     4
 Cast: Foxfire           |    84 |   108 ||   192
  Use: Scroll            |       |     4 ||     4
Armor: Robe              |     2 |     4 ||     6
Dodge: Dodged            |    11 |    12 ||    23

Table legend: (Time is in decaauts)
 A = Elapsed time spent in this place.
 B = Non-inter-level travel time spent in this place.
 C = Inter-level travel time spent in this place.
 D = Time resting spent in this place.
 E = Time spent auto-exploring this place.
 F = Levels seen in this place.
 G = Mean time per level.
                   A        B        C        D        E       F      G
               +--------+--------+--------+--------+--------+-----+--------+
         Total |   3821 |   3781 |     40 |      0 |   3379 |   4 |  955.2 |
       Dungeon |   3821 |   3781 |     40 |      0 |   3379 |   4 |  955.2 |
               +--------+--------+--------+--------+--------+-----+--------+

Top non-repeatable levels by time:
     D:1: 1577 daAuts
     D:2: 1123 daAuts
     D:3: 1114 daAuts
     D:4: 6 daAuts
